 Dungeon Crawl Stone Soup version 0.31-a0-774-g0d66cbabe8 (webtiles) character file.

Game seed: 11267385282957585358

130 pokeman the Magician (level 4, -9/25 HPs)
             Began as a Deep Elf Hedge Wizard on Sept 17, 2023.
             Killed by divine providence
             ... invoked by an orc priest
              (12 damage)
             ... on level 3 of the Dungeon.
             The game lasted 00:04:21 (2720 turns).

pokeman the Magician (Deep Elf Hedge Wizard)        Turns: 2720, Time: 00:04:22

Health: -9/25      AC: 13    Str:  7    XL:     4   Next: 89%
Magic:  7/13       EV: 13    Int: 21    God:
Gold:   114        SH:  0    Dex: 14    Spells: 6/14 levels left

rFire   . . .        q - +2 flail (protect)
rCold   . . .        (no shield)
rNeg    . . .        b - +0 robe
rPois   .            f - +2 helmet
rElec   .            l - +0 cloak
rCorr   .            (no gloves)
SInv    .            (no boots)
Will    .....        h - amulet of the acrobat
Stlth   ++           (no ring)
HPRegen 0.24/turn    (no ring)
MPRegen 0.13/turn

%: acrobat
@: under a protective aura, very slightly contaminated
A: no striking features
a: no special abilities


You were on level 3 of the Dungeon.
You visited 1 branch of the dungeon, and saw 3 of its levels.

You collected 114 gold pieces.

Inventory:

Hand Weapons
 q - a +2 flail of protection (weapon)
Missiles
 p - 2 curare-tipped darts
Armour
 b - a +0 robe (worn)
 f - a +2 helmet (worn)
 j - a +0 buckler
 l - a +0 cloak (worn)
Jewellery
 h - an amulet of the acrobat (around neck)
Wands
 n - a wand of flame (27)
Scrolls
 g - 3 scrolls of identify {unknown}
 i - a scroll of noise {unknown}
 m - a scroll of enchant armour {unknown}
 o - a scroll of enchant weapon {unknown}
Potions
 c - 3 potions of curing {unknown}
 d - a potion of magic
 e - a potion of heal wounds {unknown}
 k - a potion of might {unknown}


   Skills:
 - Level 1.0 Fighting
 + Level 1.4 Armour
 + Level 3.0 Dodging
 - Level 2.4 Stealth
 * Level 5.9 Spellcasting
 + Level 2.4 Conjurations
 - Level 1.1 Summonings
 - Level 1.1 Translocations


You had 6 spell levels left.
You knew the following spells:

 Your Spells              Type           Power      Damage    Failure   Level
a - Magic Dart            Conj           64%        1d6       3%          1
b - Mephitic Cloud        Conj/Pois/Air  9%         N/A       22%         3
c - Call Imp              Summ           20%        N/A       10%         2
d - Blink                 Tloc           20%        N/A       10%         2

Your spell library contained the following spells:

 Spells                   Type           Power      Damage    Failure   Level
 Slow                     Hex            24%        N/A       10%         1
 Cigotuvi's Dreadful Rot  Necr/Pois/Air  12%        N/A       16%         2
 Confusing Touch          Hex            6%         N/A       30%         3
 Sigil of Binding         Hex            6%         N/A       30%         3
 Vampiric Draining        Necr           6%         2d6       30%         3


Dungeon Overview and Level Annotations

Branches:
Dungeon (3/15)

Altars:


Message History

Aiming: Mephitic Cloud (extremely dangerous; 22% risk of failure)
Press: ? - help, Shift-Dir - straight line You miscast Mephitic Cloud.
You are very lightly contaminated with residual magic.
You feel a sudden electric shock. The orc priest misses you.
Unknown command.
Casting: Mephitic Cloud (extremely dangerous; 22% risk of failure)
Confirm with . or Enter, or press ? or * to list all spells.
Aiming: Mephitic Cloud (extremely dangerous; 22% risk of failure)
Press: ? - help, Shift-Dir - straight line, f - orc
Aim: an orc, wielding a +0 whip (chance to affect: 96%)
The ball explodes into a vile cloud!
The stinking cloud engulfs the orc but does no damage.
The stinking cloud engulfs the orc priest but does no damage.
The stinking cloud engulfs the orc wizard but does no damage.
You hear a shout!
A kobold comes into view. It is wielding a +0 club.
The orc is engulfed in noxious fumes.
The orc appears confused.
The orc misses the orc wizard.
The orc priest hits you but does no damage.
Unknown command.
Unknown command.
You hit the orc priest.
Your weapon exudes an aura of protection.
The orc priest is lightly wounded.
The orc is engulfed in noxious fumes.
The orc appears confused.
The orc closely misses the orc priest.
The orc priest hits you but does no damage.
A dart slug comes into view.
The orc is engulfed in noxious fumes.
The orc appears confused.
You hit the orc.
You kill the orc!
The orc priest calls down the wrath of Beogh upon you.
Beogh smites you!
The orc wizard gestures at you while chanting.
The magic dart hits you!
* * * LOW HITPOINT WARNING * * *
The orc priest invokes the aid of Beogh against you.
Beogh smites you!
You die...

#.##### #...@)#
.......o°o.K.).
.....###°##....
###. .. ... #
... . ..## ...
..##


You could see an orc priest, an orc wizard and a kobold.

Vanquished Creatures
  Robin (D:2)
  A gnoll (D:1)
  3 adders (D:2)
  2 dart slugs
  6 orcs
  5 ball pythons
  6 bats
  7 endoplasms
  10 goblins (D:2)
  5 hobgoblins
  3 jackals (D:2)
  3 kobolds
  A frilled lizard (D:1)
  11 rats
64 creatures vanquished.

Notes
Turn   | Place    | Note
-------+----------+-------------------------------------------
     0 | D:1      | pokeman the Deep Elf Hedge Wizard began the quest for the
                  | Orb.
     0 | D:1      | Reached XP level 1. HP: 10/10 MP: 7/7
   288 | D:1      | Reached XP level 2. HP: 16/16 MP: 7/9
   836 | D:1      | Reached skill level 5 in Spellcasting
   969 | D:1      | Reached XP level 3. HP: 16/20 MP: 1/11
   973 | D:1      | Learned a level 3 spell: Mephitic Cloud
   976 | D:1      | Learned a level 2 spell: Call Imp
   979 | D:1      | Learned a level 2 spell: Blink
  1222 | D:2      | Reached skill level 1 in Fighting
  1459 | D:2      | Noticed Robin
  1471 | D:2      | Reached skill level 1 in Armour
  1633 | D:2      | Reached XP level 4. HP: 25/25 MP: 1/13
  1754 | D:2      | Killed Robin
  2720 | D:3      | Killed from afar by an orc priest

Illustrated notes

Levels and vault maps discovered:
D:1:      eino_arrival_cavern_b, layout_loops_cross
D:2:      layout_basic, grunt_ministairs_9, uniq_robin
D:3:      minmay_door_path, layout_rooms, uniq_ijyb

Skill      XL: |  1  2  3  4 |
---------------+-------------+-----
Spellcasting   | 5 |  5.9
Fighting       | 1 |  1.0
Conjurations   | 2 |  2.4
Armour         | 1 |  1.4
Dodging        | 3 |  3.0
Stealth        | |  2.4
Summonings     | |  1.1
Translocations | |  1.1

Action                     |  1- 3 |  4- 6 || total
---------------------------+-------+-------++-------
  Melee: Dagger            |     5 |    14 ||    19
         Flail             |       |    11 ||    11
   Cast: Magic Dart        |   102 |    45 ||   147
         Mephitic Cloud    |       |     2 ||     2
         Call Imp          |       |     1 ||     1
   Stab: Confused          |       |     1 ||     1
         Sleeping          |       |     1 ||     1
 Armour: Robe              |    12 |    17 ||    29
  Dodge: Dodged            |    19 |    13 ||    32

Table legend: (Time is in decaauts)
 A = Elapsed time spent in this place.
 B = Non-inter-level travel time spent in this place.
 C = Inter-level travel time spent in this place.
 D = Time resting spent in this place.
 E = Time spent auto-exploring this place.
 F = Levels seen in this place.
 G = Mean time per level.
                   A        B        C        D        E       F      G
               +--------+--------+--------+--------+--------+-----+--------+
         Total |   2725 |   2638 |     87 |     80 |   2178 |   3 |  908.3 |
       Dungeon |   2725 |   2638 |     87 |     80 |   2178 |   3 |  908.3 |
               +--------+--------+--------+--------+--------+-----+--------+

Top non-repeatable levels by time:
     D:2: 1481 daAuts
     D:1: 1216 daAuts
     D:3: 28 daAuts
